[ PARTIDA AOE2 · #506719154 ]
UnrankedBirmanos vs Malay
Equipo del jugador · DERR
Equipo rival · VICT
[ ANÁLISIS DE REPETICIÓN · EXTRAÍDO DE LA PARTIDA GRABADA ]
Feudal
10:16
Castillos
28:59
Imperial
—
| APM promedio | 73.9 |
| APM pico | 136 |
| eAPM promedio | 32.0 |
| Aldeanos / militares | 73 / 78 |
Foco
⚔️ 37.9% · 🌾 62.1%
Scout Cavalry ×25 · Spearman ×23 · Skirmisher ×16 · Militia ×12 · Monk ×2
Feudal
9:21
Castillos
21:23
Imperial
—
| APM promedio | 104.2 |
| APM pico | 216 |
| eAPM promedio | 56.7 |
| Aldeanos / militares | 98 / 64 |
Foco
⚔️ 60.7% · 🌾 39.3%
Spearman ×19 · Skirmisher ×15 · Cavalry Archer ×12 · Battle Elephant ×9 · Militia ×4 · Monk ×3
Mapa de la partida
Recursos iniciales + cada clic de construcción. Líneas = muros · curvas = relieve. ◆ oro · ⬟ piedra · ● bayas · ✦ reliquia · ◌ hueco del cierre
Tu base· Abierta — flanco sin cerrar
Base de Ux´Combito· Abierta — flanco sin cerrar
Terreno inicial suavizado · ◌ = hueco del cierre detectado · pasá el cursor para detalles
Inputs por minuto
— Scotty - - Ux´Combito
Build order — Scotty
Primeras 150 de 240 acciones detectadas
| 0:01 | Encolar | Villager (Male) ×4 |
| 0:02 | Construir | House |
| 0:04 | Construir | House |
| 1:26 | Encolar | Villager (Male) |
| 1:26 | Encolar | Villager (Male) |
| 2:00 | Encolar | Villager (Male) |
| 2:27 | Encolar | Villager (Male) |
| 2:27 | Encolar | Villager (Male) |
| 2:27 | Encolar | Villager (Male) |
| 2:48 | Construir | Barracks |
| 3:01 | Encolar | Villager (Male) |
| 3:28 | Construir | House |
| 3:45 | Construir | Palisade Wall |
| 3:46 | Construir | Palisade Wall |
| 3:47 | Construir | Palisade Wall |
| 3:52 | Encolar | Villager (Male) |
| 3:52 | Encolar | Villager (Male) |
| 4:10 | Encolar | Militia |
| 4:10 | Encolar | Militia |
| 4:17 | Construir | House |
| 4:28 | Encolar | Militia |
| 4:29 | Encolar | Militia |
| 4:29 | Encolar | Militia |
| 4:38 | Encolar | Villager (Male) |
| 4:38 | Encolar | Villager (Male) |
| 4:58 | Encolar | Villager (Male) |
| 4:58 | Encolar | Villager (Male) |
| 5:36 | Encolar | Villager (Male) |
| 5:36 | Encolar | Villager (Male) |
| 5:36 | Encolar | Villager (Male) |
| 6:20 | Encolar | Villager (Male) |
| 6:56 | Encolar | Villager (Male) |
| 6:58 | Construir | Lumber Camp |
| 7:00 | Construir | House |
| 7:18 | Investigar | Loom |
| 7:18 | Investigar | Loom |
| 8:02 | Investigar | Feudal Age |
| 8:03 | Investigar | Feudal Age |
| 8:31 | Construir | House |
| 8:49 | Encolar | Militia |
| 8:49 | Encolar | Militia |
| 9:06 | Encolar | Villager (Male) |
| 9:19 | Construir | Mill |
| 10:16 | Edad | Edad Feudal |
| 10:18 | Encolar | Villager (Male) |
| 10:20 | Encolar | Militia |
| 10:20 | Encolar | Militia |
| 10:46 | Encolar | Militia |
| 10:54 | Construir | Farm |
| 10:55 | Construir | Farm |
| 11:12 | Encolar | Villager (Male) |
| 11:18 | Encolar | Militia |
| 11:18 | Encolar | Militia |
| 11:38 | Construir | Farm |
| 11:40 | Construir | Farm |
| 11:40 | Construir | Farm |
| 11:41 | Construir | Farm |
| 11:53 | Construir | Outpost |
| 11:56 | Encolar | Villager (Male) |
| 11:56 | Encolar | Villager (Male) |
| 12:08 | Construir | Archery Range |
| 12:14 | Construir | Farm |
| 12:14 | Encolar | Villager (Male) |
| 12:14 | Encolar | Villager (Male) |
| 12:33 | Encolar | Villager (Male) |
| 12:33 | Encolar | Villager (Male) |
| 12:50 | Encolar | Skirmisher |
| 12:51 | Encolar | Skirmisher |
| 13:01 | Construir | Watch Tower |
| 13:02 | Encolar | Villager (Male) |
| 13:13 | Investigar | Man-at-Arms (upgrade) |
| 13:13 | Investigar | Man-at-Arms (upgrade) |
| 13:15 | Encolar | Skirmisher |
| 13:15 | Encolar | Skirmisher |
| 13:31 | Encolar | Villager (Male) |
| 13:37 | Encolar | Skirmisher |
| 13:41 | Construir | House |
| 13:58 | Encolar | Villager (Male) |
| 14:09 | Construir | House |
| 14:10 | Encolar | Skirmisher |
| 14:11 | Encolar | Skirmisher |
| 14:15 | Encolar | Villager (Male) |
| 14:16 | Encolar | Villager (Male) |
| 14:32 | Construir | House |
| 14:35 | Encolar | Villager (Male) |
| 14:38 | Encolar | Skirmisher |
| 14:39 | Encolar | Skirmisher |
| 15:02 | Encolar | Skirmisher |
| 15:12 | Encolar | Villager (Male) |
| 15:23 | Encolar | Skirmisher |
| 15:24 | Encolar | Villager (Male) |
| 15:35 | Encolar | Villager (Male) |
| 15:37 | Construir | Farm |
| 15:38 | Construir | Farm |
| 15:48 | Encolar | Skirmisher |
| 15:55 | Encolar | Villager (Male) |
| 16:07 | Construir | House |
| 16:24 | Encolar | Skirmisher |
| 16:24 | Encolar | Skirmisher |
| 16:26 | Encolar | Villager (Male) |
| 16:44 | Construir | Blacksmith |
| 16:54 | Encolar | Skirmisher |
| 16:54 | Encolar | Skirmisher |
| 17:03 | Encolar | Villager (Male) |
| 17:09 | Construir | House |
| 17:27 | Investigar | Fletching |
| 17:28 | Investigar | Fletching |
| 17:31 | Encolar | Villager (Male) |
| 17:33 | Construir | House |
| 17:37 | Construir | Lumber Camp |
| 17:41 | Construir | House |
| 17:51 | Encolar | Villager (Male) |
| 17:56 | Construir | Farm |
| 18:21 | Encolar | Villager (Male) |
| 18:22 | Construir | Stable |
| 18:32 | Encolar | Villager (Male) |
| 18:42 | Construir | Mining Camp |
| 18:53 | Construir | Farm |
| 18:56 | Construir | Farm |
| 19:00 | Encolar | Villager (Male) |
| 19:05 | Construir | Palisade Wall |
| 19:06 | Construir | Palisade Wall |
| 19:06 | Construir | Palisade Wall |
| 19:06 | Construir | Palisade Wall |
| 19:07 | Construir | Palisade Wall |
| 19:08 | Encolar | Scout Cavalry |
| 19:09 | Encolar | Scout Cavalry |
| 19:09 | Encolar | Scout Cavalry |
| 19:09 | Encolar | Scout Cavalry |
| 19:15 | Construir | Farm |
| 19:17 | Construir | Farm |
| 19:21 | Construir | Farm |
| 19:22 | Construir | Farm |
| 19:24 | Construir | Farm |
| 19:29 | Construir | House |
| 19:29 | Construir | House |
| 19:37 | Encolar | Villager (Male) |
| 19:40 | Construir | Farm |
| 19:41 | Construir | Farm |
| 19:56 | Construir | Farm |
| 20:00 | Investigar | Horse Collar |
| 20:00 | Investigar | Horse Collar |
| 20:34 | Encolar | Scout Cavalry |
| 20:35 | Encolar | Scout Cavalry |
| 20:37 | Encolar | Villager (Male) |
| 20:38 | Construir | Farm |
| 20:39 | Construir | Farm |
| 20:45 | Construir | House |
| 20:47 | Construir | Farm |
| 21:01 | Encolar | Villager (Male) |
Build order — Ux´Combito
Primeras 150 de 283 acciones detectadas
| 0:03 | Encolar | Villager (Male) ×4 |
| 0:04 | Construir | House |
| 0:05 | Construir | House |
| 1:22 | Encolar | Villager (Male) |
| 1:22 | Encolar | Villager (Male) |
| 1:43 | Encolar | Villager (Male) |
| 1:43 | Encolar | Villager (Male) |
| 1:55 | Construir | Lumber Camp |
| 2:08 | Encolar | Villager (Male) |
| 2:40 | Investigar | Loom |
| 2:43 | Encolar | Villager (Male) |
| 3:03 | Encolar | Villager (Male) |
| 3:03 | Encolar | Villager (Male) |
| 3:37 | Encolar | Villager (Male) |
| 3:37 | Encolar | Villager (Male) |
| 3:53 | Encolar | Villager (Male) |
| 3:54 | Encolar | Villager (Male) |
| 4:01 | Construir | House |
| 4:22 | Encolar | Villager (Male) |
| 4:22 | Encolar | Villager (Male) |
| 4:28 | Construir | House |
| 4:47 | Encolar | Villager (Male) |
| 4:47 | Encolar | Villager (Male) |
| 5:10 | Encolar | Villager (Male) |
| 5:11 | Encolar | Villager (Male) |
| 5:30 | Construir | Barracks |
| 5:33 | Construir | Barracks |
| 5:43 | Encolar | Villager (Male) |
| 5:56 | Construir | House |
| 5:58 | Construir | Palisade Wall |
| 6:15 | Construir | Palisade Wall |
| 6:16 | Construir | Palisade Wall |
| 6:17 | Construir | Palisade Wall |
| 6:23 | Encolar | Villager (Male) |
| 6:41 | Encolar | Villager (Male) |
| 6:41 | Encolar | Villager (Male) |
| 6:42 | Investigar | Loom |
| 7:10 | Construir | Mill |
| 7:21 | Construir | Palisade Wall |
| 7:22 | Construir | Palisade Wall |
| 7:39 | Construir | Palisade Wall |
| 7:40 | Construir | Palisade Wall |
| 7:41 | Construir | Palisade Wall |
| 7:48 | Construir | Palisade Wall |
| 7:49 | Construir | Palisade Wall |
| 7:54 | Investigar | Feudal Age |
| 7:55 | Investigar | Feudal Age |
| 8:01 | Encolar | Militia |
| 8:19 | Construir | Mining Camp |
| 8:28 | Encolar | Militia |
| 8:29 | Encolar | Militia |
| 9:00 | Encolar | Militia |
| 9:01 | Encolar | Villager (Male) |
| 9:21 | Edad | Edad Feudal |
| 9:26 | Investigar | Double-Bit Axe |
| 9:26 | Investigar | Double-Bit Axe |
| 9:29 | Encolar | Spearman |
| 9:29 | Encolar | Spearman |
| 9:52 | Encolar | Villager (Male) |
| 10:14 | Construir | Farm |
| 10:15 | Construir | Farm |
| 10:31 | Construir | House |
| 10:35 | Encolar | Villager (Male) |
| 10:36 | Encolar | Villager (Male) |
| 10:50 | Construir | Farm |
| 10:56 | Encolar | Spearman |
| 11:08 | Encolar | Villager (Male) |
| 11:12 | Construir | Farm |
| 11:33 | Encolar | Villager (Male) |
| 11:34 | Construir | House |
| 11:51 | Construir | Archery Range |
| 11:55 | Construir | Archery Range |
| 11:59 | Construir | Outpost |
| 12:00 | Encolar | Villager (Male) |
| 12:00 | Encolar | Villager (Male) |
| 12:14 | Encolar | Villager (Male) |
| 12:34 | Encolar | Archer |
| 12:34 | Encolar | Archer |
| 12:35 | Encolar | Villager (Male) |
| 12:38 | Construir | Farm |
| 12:39 | Construir | Farm |
| 12:52 | Encolar | Villager (Male) |
| 13:02 | Construir | Lumber Camp |
| 13:15 | Encolar | Villager (Male) |
| 13:19 | Construir | House |
| 13:21 | Construir | House |
| 13:29 | Encolar | Skirmisher |
| 13:35 | Encolar | Villager (Male) |
| 13:37 | Construir | Farm |
| 13:47 | Encolar | Skirmisher |
| 13:51 | Encolar | Villager (Male) |
| 14:04 | Construir | Farm |
| 14:06 | Construir | Farm |
| 14:15 | Encolar | Villager (Male) |
| 14:18 | Construir | Palisade Wall |
| 14:19 | Construir | Palisade Wall |
| 14:22 | Construir | Palisade Wall |
| 14:26 | Encolar | Skirmisher |
| 14:30 | Encolar | Villager (Male) |
| 14:36 | Construir | Farm |
| 14:39 | Construir | House |
| 14:40 | Construir | House |
| 14:44 | Construir | House |
| 14:48 | Encolar | Villager (Male) |
| 15:06 | Encolar | Skirmisher |
| 15:10 | Construir | Blacksmith |
| 15:15 | Construir | Palisade Wall |
| 15:20 | Encolar | Villager (Male) |
| 15:22 | Encolar | Skirmisher |
| 15:51 | Encolar | Skirmisher |
| 15:52 | Construir | Farm |
| 15:53 | Encolar | Villager (Male) |
| 15:58 | Encolar | Skirmisher |
| 16:01 | Encolar | Skirmisher |
| 16:07 | Investigar | Fletching |
| 16:07 | Investigar | Fletching |
| 16:08 | Encolar | Skirmisher |
| 16:20 | Encolar | Villager (Male) |
| 16:22 | Construir | Farm |
| 16:42 | Encolar | Skirmisher |
| 16:47 | Encolar | Villager (Male) |
| 17:26 | Construir | Farm |
| 17:29 | Construir | Farm |
| 17:32 | Construir | Farm |
| 17:33 | Encolar | Villager (Male) |
| 17:39 | Construir | Lumber Camp |
| 17:45 | Encolar | Skirmisher |
| 17:50 | Encolar | Villager (Male) |
| 18:00 | Construir | House |
| 18:01 | Construir | House |
| 18:04 | Construir | Farm |
| 18:23 | Construir | Farm |
| 18:25 | Construir | Farm |
| 18:31 | Construir | House |
| 18:31 | Construir | House |
| 18:31 | Construir | House |
| 18:34 | Encolar | Villager (Male) |
| 18:39 | Encolar | Villager (Male) |
| 18:45 | Construir | House |
| 18:49 | Construir | Palisade Wall |
| 18:52 | Construir | Farm |
| 19:02 | Construir | Farm |
| 19:15 | Construir | Farm |
| 19:15 | Construir | Farm |
| 19:31 | Construir | Farm |
| 19:47 | Construir | Farm |
| 19:47 | Investigar | Castle Age |
| 19:47 | Investigar | Castle Age |
| 19:51 | Encolar | Skirmisher |
| 20:00 | Construir | House |
Cronología de la partida
| 2:48 | Scotty · first_building Barracks |
| 3:45 | Scotty · wall_segment Palisade Wall x1 |
| 3:46 | Scotty · wall_segment Palisade Wall x1 |
| 3:47 | Scotty · wall_segment Palisade Wall x1 |
| 5:30 | Ux´Combito · first_building Barracks |
| 5:58 | Ux´Combito · wall_segment Palisade Wall x1 |
| 6:15 | Ux´Combito · wall_segment Palisade Wall x1 |
| 6:16 | Ux´Combito · wall_segment Palisade Wall x1 |
| 6:17 | Ux´Combito · wall_segment Palisade Wall x1 |
| 7:21 | Ux´Combito · wall_segment Palisade Wall x1 |
| 7:22 | Ux´Combito · wall_segment Palisade Wall x1 |
| 7:39 | Ux´Combito · wall_segment Palisade Wall x1 |
| 7:40 | Ux´Combito · wall_segment Palisade Wall x1 |
| 7:41 | Ux´Combito · wall_segment Palisade Wall x1 |
| 7:48 | Ux´Combito · wall_segment Palisade Wall x1 |
| 7:49 | Ux´Combito · wall_segment Palisade Wall x1 |
| 9:21 | Ux´Combito · age_up feudal |
| 10:16 | Scotty · age_up feudal |
| 11:51 | Ux´Combito · first_building Archery Range |
| 12:08 | Scotty · first_building Archery Range |
| 14:18 | Ux´Combito · wall_segment Palisade Wall x1 |
| 14:19 | Ux´Combito · wall_segment Palisade Wall x1 |
| 14:22 | Ux´Combito · wall_segment Palisade Wall x1 |
| 15:15 | Ux´Combito · wall_segment Palisade Wall x1 |
| 18:22 | Scotty · first_building Stable |
| 18:49 | Ux´Combito · wall_segment Palisade Wall x9 |
| 19:05 | Scotty · wall_segment Palisade Wall x1 |
| 19:06 | Scotty · wall_segment Palisade Wall x1 |
| 19:06 | Scotty · wall_segment Palisade Wall x1 |
| 19:06 | Scotty · wall_segment Palisade Wall x1 |
| 19:07 | Scotty · wall_segment Palisade Wall x1 |
| 21:23 | Ux´Combito · age_up castle |
| 21:32 | Ux´Combito · first_building Monastery |
| 23:05 | Ux´Combito · first_building Stable |
| 24:30 | Scotty · first_market_buy 100 food |
| 24:30 | Scotty · first_market_sell 100 wood |
| 26:02 | Ux´Combito · wall_segment Palisade Wall x1 |
| 28:59 | Scotty · age_up castle |
| 29:05 | Ux´Combito · wall_segment Palisade Wall x1 |
| 29:06 | Ux´Combito · wall_segment Palisade Wall x1 |
| 29:10 | Ux´Combito · wall_segment Palisade Wall x1 |
| 29:11 | Ux´Combito · wall_segment Palisade Wall x1 |
| 29:56 | Scotty · first_building Monastery |
| 30:19 | Ux´Combito · wall_segment Palisade Wall x1 |
| 31:08 | Scotty · resign |
[ ANÁLISIS IA · 1 CRÉDITO ]
¿Qué pasó realmente en esta partida?
Wolo.gg analiza cada decisión: build order, eco, micro, errores típicos por bracket. Análisis personalizado por WhatsApp o Discord en 30 segundos.
Guía civ
Birmanos
Perfil
Jugador #301918